 Dungeon Crawl Stone Soup version bcrawl-1.19.1 (webtiles) character file.

Game seed: 16810975403400220380

13 Niddhogr the Stinger (level 2, 0/19 HPs)
             Began as a Demonspawn Venom Mage on Dec 1, 2019.
             Slain by a rat (3 damage)
             ... on level 1 of the Dungeon.
             The game lasted 00:01:14 (226 turns).

Niddhogr the Stinger (Demonspawn Venom Mage)         Turns: 226, Time: 00:01:14

Health: 0/19       AC:  4    Str:  8    XL:     2   Next: 24%
Magic:  4/5        EV: 12    Int: 16    God:
Gold:   24         SH:  0    Dex: 17    Spells: 4/5 levels left

rFire    . . .     SeeInvis .   h - +0 spear
rCold    . . .     Gourm    .   (no shield)
rNeg     . . .     Faith    .   a - +0 robe
rPois    .         Spirit   .   (no helmet)
rElec    .         Reflect  .   (no cloak)
rCorr    .         Harm     .   (no gloves)
MR       .....                  (no boots)
Stlth    ++........             (no amulet)
HPRegen  0.06/turn              g - +4 ring of dexterity
MPRegen  0.09/turn              (no ring)

@: no status effects
A: iridescent scales 1
a: no special abilities


You were on level 1 of the Dungeon.
You were not hungry.

You visited 1 branch of the dungeon, and saw 1 of its levels.

You collected 24 gold pieces.

Inventory:

Hand Weapons
 h - a +0 spear (weapon)
Missiles
 i - a throwing net {!f=f}
Armour
 a - a +0 robe (worn)
Jewellery
 g - a +4 ring of dexterity (left hand)
Scrolls
 e - a scroll of fog {unknown}
Potions
 c - a potion of berserk rage {!q}
 d - a potion of degeneration {!q}
Comestibles
 b - 13 chunks of flesh
 f - a ration {!d}


   Skills:
 + Level 0.4 Polearms
 - Level 1.7 Dodging
 - Level 2.0 Stealth
 - Level 2.0 Spellcasting
 - Level 1.0 Conjurations
 * Level 3.6 Poison Magic


You had 4 spell levels left.
You knew the following spells:

 Your Spells              Type           Power        Failure   Level  Hunger
a - Sting                 Conj/Pois      #...         9%          1    #......

Your spell library contained the following spells:

 Spells                   Type           Power        Failure   Level  Hunger
 Poisonous Vapours        Pois/Air       #.....       16%         2    ###....
 Ignite Poison            Fire/Tmut/Pois #.......     36%         3    ###....
 Olgreb's Toxic Radiance  Pois           ##......     43%         4    #####..
 Summon Scorpions         Summ/Pois      #.......     69%         4    #####..
 Venom Bolt               Conj/Pois      #.........   92%         5    ######.


Dungeon Overview and Level Annotations

Branches:
Dungeon (1/12)

Altars:


Innate Abilities, Weirdness & Mutations

You are partially covered in iridescent scales. (AC +2)


Message History

You hit the hobgoblin. The giant cockroach barely misses you.
The hobgoblin barely misses you. The giant cockroach closely misses you.
You hit the hobgoblin but do no damage. The hobgoblin hits you with a +0 club.
The giant cockroach closely misses you.
You take 2 damage, and have 10/19 hp.
You closely miss the hobgoblin. The giant cockroach closely misses you.
The hobgoblin hits you with a +0 club.
* * * LOW HITPOINT WARNING * * *
The rat barely misses you.
You take 1 damage, and have 9/19 hp.
You closely miss the hobgoblin. The giant cockroach closely misses you.
The hobgoblin hits you with a +0 club.
* * * LOW HITPOINT WARNING * * *
The rat misses you.
You take 6 damage, and have 3/19 hp.
MASSIVE DAMAGE!!
You hit the hobgoblin.
You kill the hobgoblin!
The giant cockroach barely misses you. The rat bites you.
You die...

......... #.....#.#
######.. #.....#.# #..
##.....#.# ########..
#........# ..........
##........# ###.#.###.#
##........$#.###.#.###.#
.......s...............#
#....#@#.>#>##.##.#####
###....r)...#.##.##.# .
........##.#.......#
##.....÷# ####.#### .
##..##.##(# #...# #
#...$....# #...# .
#.###.#### #...#
#.##.###.######...#####
#....)...##......÷.÷..#


You could see a giant cockroach and a rat.

Levels and vault maps discovered:
D:1:      lightli_arrival_boilingwater, layout_loops_cross,
          chequers_serial_rivers_micro_c

Notes
Turn   | Place    | Note
-------+----------+-------------------------------------------
     0 | D:1      | Niddhogr the Demonspawn Venom Mage began the quest for the
                  | Orb.
     0 | D:1      | Reached XP level 1. HP: 13/13 MP: 3/3
    88 | D:1      | Identified a ring of dexterity (You found it on level 1 of
                  | the Dungeon)
    99 | D:1      | Identified a +0 spear (You found it on level 1 of the
                  | Dungeon)
   139 | D:1      | Gained mutation: You are partially covered in iridescent
                  | scales. (AC +2) [demonic ancestry]
   139 | D:1      | Reached XP level 2. HP: 19/19 MP: 1/5
   140 | D:1      | Identified a +0 club
   144 | D:1      | Identified a +0 club
   225 | D:1      | HP: 3/19 [hobgoblin/+0 club (6)]
   226 | D:1      | Slain by a rat

Table legend:
 A = Turns spent in this place as a percentage of turns spent in the entire game.
 B = Non-inter-level travel turns spent in this place as a percentage of non-inter-level travel turns spent in the entire game.
 C = Inter-level travel turns spent in this place as a percentage of turns spent in this place.
 D = Turns resting spent in this place as a percentage of non-inter-level travel turns spent in this place.
 E = Turns spent auto-exploring this place as a percentage of non-inter-level travel turns spent in this place.
 F = Non-inter-level travel turns spent in this place divided by the number of levels of this place that you've seen.
                   A       B       C       D       E      F
               +-------+-------+-------+-------+-------+----------------------
         Total | 100.0 | 100.0 |   0.0 |   0.0 |  66.8 | 226.0
       Dungeon | 100.0 | 100.0 |   0.0 |   0.0 |  66.8 | 226.0
               +-------+-------+-------+-------+-------+----------------------

Table legend:
 A = Kills in this place as a percentage of kills in entire the game.
 B = Kills by you in this place as a percentage of kills by you in the entire game.
 C = Kills by friends in this place as a percentage of kills by friends in the entire game.
 D = Other kills in this place as a percentage of other kills in the entire game.
 E = Experience gained in this place as a percentage of experience gained in the entire game.
 F = Experience gained in this place divided by the number of levels of this place that you have seen.
                   A       B       C       D       E      F
               +-------+-------+-------+-------+-------+----------------------
         Total | 100.0 | 100.0 |   N/A |   N/A | 100.0 |  19.0
       Dungeon | 100.0 | 100.0 |   N/A |   N/A | 100.0 |  19.0
               +-------+-------+-------+-------+-------+----------------------

Action                   || total
-------------------------++-------
Melee: Spear             ||    36
       Unarmed           ||     5
 Cast: Sting             ||     7
 Stab: Sleeping          ||     2
Armor: Robe              ||    13
Dodge: Dodged            ||    28

Vanquished Creatures
  A dart slug (D:1)
  A bat (D:1)
  A goblin (D:1)
  A hobgoblin (D:1)
  2 jackals (D:1)
  A quokka (D:1)
  A ball python (D:1)
  2 rats (D:1)
10 creatures vanquished.
